 Dungeon Crawl Stone Soup version 0.32-a0-314-g526f7d4993 (webtiles) character file.

Game seed: 7527453307885702065

1917160 HyperOdds the Cryomancer (level 25, 218/218 HPs)
             Began as a White Draconian Fire Elementalist on Feb 11, 2024.
             Was the Champion of Hepliaklqana.
             Escaped with the Orb
             ... and 4 runes on Feb 15, 2024!
             The game lasted 02:49:16 (93089 turns).

HyperOdds the Cryomancer (DrFE)                    Turns: 93089, Time: 02:49:17

Health: 218/218    AC: 17    Str: 10    XL:     25   Next: 37%
Magic:  39/39      EV: 27    Int: 35    God:    Hepliaklqana [******]
Gold:   768        SH:  0    Dex: 27    Spells: 21/49 levels left

rFire   + + +        b - +8 longbow "Zephyr" {speed, Dex+3 SInv}
rCold   + + .        (shield currently unavailable)
rNeg    + + +        (body armour unavailable)
rPois   +            (helmet restricted)
rElec   +            y - scarf "Hoqopp" {shadows, rC++ Will+}
rCorr   +            x - +2 pair of gloves
SInv    +            L - +1 pair of boots of Fedhas's Grace {rPois Int+5}
Will    +++..        i - macabre finger necklace {Finger+ rN+}
Stlth   ++           r - +6 ring of dexterity
HPRegen 0.56/turn    v - ring "Gieruy" {Fire rN++ Will+ Dex+4}
MPRegen 0.26/turn    k - ring of Qishu {^Drain rF+++ rCorr Str-2 Int+6}

%: no passive effects
@: studying Polearms
A: reduced essence, breathe frost, AC +12, unfitting armour, cold resistance 1,
cold-blooded, fangs 1, electricity resistance, persistent drain
0: Orb of Zot
}: 4/15 runes: barnacled, slimy, silver, gossamer
a: Breathe Frost, Renounce Religion, Recall Ancestor, Ancestor Identity,
Transference, Idealise


You escaped.
You worshipped Hepliaklqana.
Hepliaklqana was exalted by your worship.
You visited 11 branches of the dungeon, and saw 53 of its levels.
You also visited: Bailey, Volcano and Wizlab.

You collected 7778 gold pieces.
You spent 7010 gold pieces at shops.

Inventory:

Hand Weapons
 b - the +8 longbow "Zephyr" (weapon) {speed, Dex+3 SInv}
   (You bought it in a shop on level 12 of the Dungeon)

   Dex+3:     It affects your dexterity (+3).
   SInv:      It lets you see invisible.
Armour
 d - a +2 cloak of poison resistance
 x - a +2 pair of gloves (worn)
 y - the scarf "Hoqopp" (worn) {shadows, rC++ Will+}
   (You acquired it in a bailey)

   rC++:      It greatly protects you from cold.
   Will+:     It increases your willpower.
 L - the +1 pair of boots of Fedhas's Grace (worn) {rPois Int+5}
   (You acquired it on level 2 of the Vaults)

   Int+5:     It affects your intelligence (+5).
   rPois:     It protects you from poison
Jewellery
 i - the macabre finger necklace (around neck) {Finger+ rN+}
   (You took it off a vault guard on level 5 of the Vaults)

   [amulet of nothing]

   Finger+:   It enables you to equip an extra ring.
   rN+:       It protects you from negative energy.
 k - the ring of Qishu (on amulet) {^Drain rF+++ rCorr Str-2 Int+6}
   (You bought it in a shop on level 12 of the Dungeon)

   [ring of intelligence]

   Str-2:     It affects your strength (-2).
   Int+6:     It affects your intelligence (+6).
   rF+++:     It renders you almost immune to fire.
   rCorr:     It protects you from acid and corrosion.
   ^Drain:    It drains your maximum health when unequipped.
 r - a +6 ring of dexterity (left hand)
 v - the ring "Gieruy" (right hand) {Fire rN++ Will+ Dex+4}
   (You took it off a deep elf pyromancer on level 2 of the Elven Halls)

   [ring of fire]

   Fire:      It enhances your fire magic.
   Dex+4:     It affects your dexterity (+4).
   rF+:       It protects you from fire.
   rC-:       It makes you vulnerable to cold.
   rN++:      It greatly protects you from negative energy.
   Will+:     It increases your willpower.
 C - a ring of resist corrosion
 H - the ring of Bitwaxe {rElec Str-4 Int+6 Slay+5 Stlth+}
   (You found it on level 5 of the Vaults)

   [ring of intelligence]

   Str-4:     It affects your strength (-4).
   Int+6:     It affects your intelligence (+6).
   Slay+5:    It affects your accuracy & damage with ranged weapons and melee
   (+5).
   rElec:     It insulates you from electricity.
   Stlth+:    It makes you more stealthy.
 I - a ring of protection from cold
 M - a ring of ice
 O - the ring of Futukk {Wiz Fly Dex+3 Slay+2}
   (You bought it in a shop on level 2 of the Depths)

   [ring of wizardry]

   Wiz:       It improves your spell success rate.
   Dex+3:     It affects your dexterity (+3).
   Slay+2:    It affects your accuracy & damage with ranged weapons and melee
   (+2).
   Fly:       It grants you flight.
 Z - a ring of willpower
Talismans
 V - the maw talisman of the Tick {rCorr}
   (You found it on level 5 of the Lair of Beasts)

   [maw talisman]

   rCorr:     It protects you from acid and corrosion.
Wands
 a - a wand of paralysis (44)
 c - a wand of iceblast (46)
 z - a wand of mindburst (46)
 A - a wand of light (20)
 D - a wand of digging (31)
 F - a wand of polymorph (15)
Scrolls
 e - 11 scrolls of poison
 f - 6 scrolls of enchant armour
 g - 10 scrolls of fear
 j - 5 scrolls of summoning
 m - 3 scrolls of amnesia
 t - 15 scrolls of teleportation
 B - 7 scrolls of blinking
 J - 5 scrolls of immolation
 P - 7 scrolls of noise
 Q - 15 scrolls of fog
 T - 7 scrolls of revelation
 W - 2 scrolls of silence
Potions
 h - 9 potions of haste
 l - 15 potions of heal wounds
 n - 9 potions of resistance
 o - 7 potions of magic
 q - 21 potions of curing
 s - 7 potions of brilliance
 u - 2 potions of invisibility
 w - 11 potions of mutation
 E - 9 potions of lignification
 G - 8 potions of enlightenment
 K - 8 potions of ambrosia
 N - 10 potions of attraction
 R - 3 potions of cancellation
Miscellaneous
 p - a phial of floods
 S - a box of beasts
 U - a phantom mirror
 X - a tin of tremorstones (2/2)
 Y - a lightning rod (4/4)


   Skills:
 + Level 23.4 Fighting
 - Level 20.0 Ranged Weapons
 + Level 14.7 Dodging
 + Level 13.4 Stealth
 - Level 4.6 Shields
 + Level 12.8 Spellcasting
 - Level 4.0 Conjurations
 - Level 3.0 Hexes
 - Level 4.0 Summonings
 - Level 7.0 Fire Magic
 + Level 23.5 Ice Magic
 - Level 10.0 Invocations
 + Level 14.0 Evocations


You had 21 spell levels left.
You knew the following spells:

 Your Spells              Type           Power      Damage    Failure   Level
b - Scorch                Fire           100%       2d9       1%          2
c - Flame Wave            Conj/Fire      74%        2d16      1%          4
e - Ensorcelled Hibernat  Hex/Ice        100%       N/A       0%          2
f - Foxfire               Conj/Fire      100%       2x1d9     1%          1
h - Hailstorm             Conj/Ice       87%        3d14      1%          3
i - Inner Flame           Hex/Fire       72%        N/A       1%          3
o - Ozocubu's Armour      Ice            100%       N/A       0%          3
r - Ozocubu's Refrigerat  Ice            56%        4d19      1%          7
s - Summon Ice Beast      Ice/Summ       87%        N/A       1%          3

Your spell library contained the following spells:

 Spells                   Type           Power      Damage    Failure   Level
 Apportation              Tloc           44%        N/A       1%          1
 Kiss of Death            Conj/Necr      100%       2d13      1%          1
 Magic Dart               Conj           100%       1d8       1%          1
 Necrotise                Necr           88%        1d8       1%          1
 Shock                    Conj/Air       100%       1d9       1%          1
 Sting                    Conj/Alch      100%       1d9       1%          1
 Summon Small Mammal      Summ           100%       N/A       1%          1
 Call Imp                 Summ           100%       N/A       1%          2
 Jinxbite                 Hex            86%        N/A       1%          2
 Static Discharge         Conj/Air       72%        3-6/arc   1%          2
 Call Canine Familiar     Summ           50%        N/A       1%          3
 Confusing Touch          Hex            43%        N/A       1%          3
 Dazzling Flash           Conj/Hex       92%        N/A       1%          3
 Sigil of Binding         Hex            43%        N/A       1%          3
 Tukima's Dance           Hex            43%        N/A       1%          3
 Volatile Blastmotes      Fire/Tloc      100%       2d18      1%          3
 Metabolic Englaciation   Hex/Ice        43%        N/A       1%          5
 Blink                    Tloc           44%        N/A       2%          2
 Lesser Beckoning         Tloc           44%        N/A       2%          2
 Mercury Vapours          Alch/Air       44%        N/A       2%          2
 Sublimation of Blood     Necr           22%        N/A       2%          2
 Stone Arrow              Conj/Erth      72%        3d11      2%          3
 Sculpt Simulacrum        Ice/Alch       40%        N/A       2%          6
 Fugue of the Fallen      Necr           22%        N/A       5%          3
 Gell's Gravitas          Tloc           22%        N/A       5%          3
 Passwall                 Erth           22%        N/A       5%          3
 Swiftness                Air            22%        N/A       5%          3
 Teleport Other           Tloc           22%        N/A       5%          3
 Fireball                 Conj/Fire      37%        3d15      5%          5
 Brom's Barrelling Bould  Conj/Erth      36%        2d6       9%          4
 Fulminant Prism          Conj/Alch      18%        3d10      9%          4
 Iskenderun's Mystic Bla  Conj/Tloc      36%        2d9       9%          4
 Summon Lightning Spire   Summ/Air       36%        N/A       9%          4
 Anguish                  Hex/Necr       16%        N/A       10%         4
 Dimensional Bullseye     Hex/Tloc       16%        N/A       10%         4
 Iskenderun's Battlesphe  Conj           50%        2d10      10%         5
 Summon Mana Viper        Hex/Summ       46%        N/A       12%         5
 Airstrike                Air            11%        2d(2-18)  19%         4
 Dispel Undead            Necr           22%        3d12      19%         4
 Manifold Assault         Tloc           22%        N/A       19%         4
 Olgreb's Toxic Radiance  Alch           22%        N/A       19%         4
 Petrify                  Alch/Erth      22%        N/A       19%         4
 Irradiate                Conj/Alch      18%        3d17      22%         5
 Summon Forest            Summ/Tloc      18%        N/A       22%         5
 Yara's Violent Unravell  Hex/Alch       16%        3d8       28%         5
 Alistair's Intoxication  Alch           14%        N/A       45%         5
 Borgnjor's Vile Clutch   Necr/Erth      11%        N/A       45%         5
 Lee's Rapid Deconstruct  Erth           11%        3d8*      45%         5
 Summon Cactus Giant      Summ           25%        N/A       50%         6
 Bombard                  Conj/Erth      18%        9d4       77%         6
 Conjure Ball Lightning   Conj/Air       18%        3x3d6     77%         6
 Dispersal                Tloc           11%        N/A       96%         6
 Eringya's Noxious Bog    Alch           11%        4d6       96%         6
 Orb of Destruction       Conj           25%        9d9       97%         7
 Spellforged Servitor     Conj/Summ      25%        N/A       97%         7
 Summon Hydra             Summ           25%        N/A       97%         7
 Enfeeble                 Hex            21%        N/A       99%         7
 Malign Gateway           Summ/Tloc      18%        N/A       100%        7
 Borgnjor's Revivificati  Necr           11%        N/A       100%        8
 Discord                  Hex            21%        N/A       100%        8
 Disjunction              Tloc           11%        N/A       100%        8
 Lehudib's Crystal Spear  Conj/Erth      18%        10d5      100%        8
 Chain Lightning          Conj/Air       18%        3d24      100%        9
 Animate Armour           Summ/Erth      Unusable   N/A       N/A         4

Dungeon Overview and Level Annotations

Branches:
Dungeon (15/15)            Temple (0/1) D:7            Lair (5/5) D:10
 Shoals (4/4) Lair:2       Spider (4/4) Lair:3        Slime (5/5) Lair:5
    Orc (2/2) D:10            Elf (3/3) Orc:2        Vaults (5/5) D:14
  Crypt (1/3) Vaults:3     Depths (4/4) D:15            Zot (5/5) Depths:4
 Bailey (visited)         Volcano (visited)          WizLab (visited)

Altars:
Ashenzari
Dithmenos
Elyvilon
Fedhas
Hepliaklqana
Kikubaaqudgha
Makhleb
Okawaru
Qazlal
Sif Muna
Trog
Uskayaw
Vehumet
Wu Jian
Xom
Yredelemnul
The Shining One
Beogh
Jiyva

Shops:
D:8 :   D:9 :   D:11 !   D:12 *(**=([   Orc:2 ([[(   Shoals:1 *
Vaults:2 ?[???   Vaults:4 [   Depths:1 !   Depths:2 :==   Depths:3 *

Portals:
Hell: Depths:1 Depths:2 Depths:3 Depths:4
Abyss: Depths:1 Depths:3
Pandemonium: Depths:2 Depths:3
Ziggurat: Depths:4

Annotations:
Elf:2 3 runed translucent doors
Depths:3 2 transporters, Gaexku's ghost, veteran DrSh
Zot:5 1 exclusion


Innate Abilities, Weirdness & Mutations

Your life essence is reduced to manifest your ancestor. (-10% HP)
You can breathe waves of freezing cold which knock back foes.
Your icy white scales are hard. (AC +12)
You cannot fit into any form of body armour.
Your flesh is cold resistant. (rC+)
You are cold-blooded and may be slowed by cold attacks.
You have very sharp teeth.
You are resistant to electric shocks. (rElec)
Your health recovers twice as slowly from being drained.


Message History

Where to? (Tab/Enter - D:1 @ (x,y), ? - help)
There is a stone staircase leading up here.
You climb upwards.
There is a stone staircase leading down here.
Magic restored.
There is a stone staircase leading up here.
You climb upwards.
There is a stone staircase leading down here.
There is a stone staircase leading up here.
You climb upwards.
There is a stone staircase leading down here.
There is a stone staircase leading up here.
You climb upwards.
There is a stone staircase leading down here.
You swap places.
There is a stone staircase leading up, spattered with blood here.
You climb upwards.
There is a stone staircase leading down here.
You see here a +0 flail.
There is a stone staircase leading up here.
You climb upwards.
There is a stone staircase leading down here.
You swap places.
A blizzard demon comes into view.
MP restored: 39 Danger!
The blizzard demon barely misses you.
The blizzard demon hits you but does no damage.
Unknown command.
Blink to where?
Press: ? - help, Dir - move target An Executioner and a large abomination come into view.
As you read the scroll of blinking, it crumbles to dust.
Unknown command.
The Executioner gestures.
The Executioner seems to speed up.
Ka F'lods hits the blizzard demon with a +0 broad axe of speed.
The Executioner misses you. The Executioner barely misses you.
The Executioner closely misses you.
You have escaped!

#.########..################
#...### ##.## ###..#
#.....####.R.####....#
###.#.....#..~..#.....##
#...#ß..~....2....~..ß#
####...##...~..~~~..~...##
...#[..#.....~~~~~~~.....##
...#.......~~~~...~~~~....#
...#.....~~~~~..@..~~~~~..#
...#.......~~~~.1.~~~~....#
...#...#.....~~~~~~~.....##
...#...##...~..~~~..X...##
.#####.#ß..~....~....~..ß#
.....#.#.....#..~..#.....##
.....#.....####...####....#
.....#...### ##.## ###..#
..........######.# ####


You could see the friendly Ka F'lods the knight (reflecting), an Executioner
(fast), a blizzard demon (ally target) and a large abomination.

Vanquished Creatures
  the Royal Jelly (Slime:5)
  A dread lich (Vaults:5)
  3 ancient liches
  An orb of fire (Zot:5)
  Mara (Elf:3)
  Xtahua (Vaults:5)
  2 Killer Klowns (Zot:5)
  Margery (Vaults:2)
  5 golden dragons
  Nikola (Elf:1)
  the Enchantress (Depths:1)
  A bone dragon (Depths:4)
  An electric golem (Zot:5)
  6 tentacled monstrosities
  2 hellephants
  17 Orb Guardians (Zot:5)
  7 quicksilver dragons
  Mlioglotl (Shoals:1)
  3 deep elf blademasters
  6 liches
  Asterion (Depths:1)
  2 titans (Vaults:5)
  A walking frostbound tome (Depths:4)
  8 sphinxes
  2 deep elf master archers (Elf:3)
  13 acid blobs
  7 storm dragons
  3 death cobs
  9 shadow dragons
  4 tengu reavers
  Agnes (Orc:2)
  Roxanne (Elf:3)
  A draconian monk (Zot:5)
  A demonspawn warmonger (Zot:4)
  8 rockslimes
  3 azure jellies
  6 emperor scorpions (Spider:4)
  4 deep elf sorcerers
  A draconian shifter (Zot:5)
  A protean progenitor (Zot:1)
  A draconian scorcher (Depths:4)
  A draconian knight (Zot:3)
  5 fire giants
  3 frost giants
  6 ghost moths
  A juggernaut zombie (Depths:3)
  3 balrugs
  19 vault wardens
  2 orc warlords
  A curse skull (Vaults:3)
  6 quicksilver oozes
  3 formless jellyfish
  3 spriggan defenders (Depths:1)
  4 ironbound thunderhulks
  3 very ugly things
  17 ironbound preservers
  3 draconian annihilators
  10 stone giants
  2 broodmothers (Spider:3)
  2 vampire knights
  4 deep elf demonologists
  2 green draconians
  3 black draconians
  3 lorocyprocas
  A demonspawn black sun (Zot:3)
  3 white draconians (Depths:4)
  Azrael (Orc:2)
  7 deep elf death magi
  6 purple draconians
  11 dire elephants
  5 deep elf annihilators
  4 spark wasps
  2 yellow draconians
  9 ettins
  A green death (WizLab)
  2 fire dragons
  4 entropy weavers
  2 jiangshi
  4 merfolk javelineers
  3 merfolk impalers
  12 yaktaur captains
  2 deep elf high priests
  A peacekeeper (Vaults:2)
  24 vault guards
  11 great orbs of eyes
  3 spriggan air magi
  6 ice dragons
  An anaconda (shapeshifter) (Vaults:5)
  5 hydras
  4 radroaches
  2 jorogumos
  5 boulder beetles
  9 ironbound frosthearts
  11 dancing weapons
  A boulder beetle (shapeshifter) (Vaults:5)
  An ogre mage (Volcano)
  10 centaur warriors
  5 merfolk aquamancers
  14 two-headed ogres
  5 merfolk avatars
  5 hell hogs
  2 orc high priests (Orc:2)
  6 satyrs
  11 deep troll shamans
  3 tengu warriors
  2 occultists
  5 deep troll earth magi
  2 demonic crawlers
  A vampire mage (Depths:3)
  6 spriggan berserkers
  Urug (D:10)
  3 spriggans (Depths:4)
  14 deep elf knights
  Sonja (D:10)
  2 soul eaters
  8 hell knights
  7 sun demons
  7 skysharks
  A skyshark (shapeshifter) (Vaults:5)
  4 iron trolls
  A fire crab (Lair:5)
  10 sea snakes
  A sixfirhy (WizLab)
  4 pharaoh ants
  51 deep trolls
  7 skeletal warriors
  7 orb spiders
  A flayed ghost (Depths:3)
  2 shadow demons (WizLab)
  3 sun moths
  A glowing orange brain (shapeshifter) (Elf:1)
  An orb spider (shapeshifter) (Depths:3)
  11 deep elf archers
  5 lindwurms
  6 phantasmal warriors (Vaults:5)
  7 arcanists
  12 ironbound convokers
  15 orc knights
  An obsidian statue (Vaults:2)
  A steelbarb worm (shapeshifter) (Elf:1)
  34 deep elf pyromancers
  10 steelbarb worms
  A lindwurm (shapeshifter) (Vaults:5)
  19 wolf spiders
  13 harpies
  A necromancer (Depths:3)
  An ugly thing (shapeshifter) (Vaults:5)
  8 orc sorcerers
  A frost giant zombie (Depths:3)
  Maurice (D:8)
  30 deep elf zephyrmancers
  7 shining eyes
  6 cyclopes
  12 manticores
  29 fauns
  7 elephants
  A salamander (shapeshifter) (Elf:1)
  22 ugly things
  18 moths of wrath
  2 oklob plants
  3 meliai (D:15)
  Joseph (D:7)
  3 kobold blastminers
  9 merfolk sirens
  16 vault sentinels
  6 water nymphs
  2 gargoyles
  3 rust devils (WizLab)
  2 black mambas (shapeshifter)
  5 torpor snails
  5 black mambas
  4 smoke demons
  An eye of devastation (Slime:5)
  A hellion (Depths:2)
  5 orange demons
  A torpor snail (shapeshifter) (D:11)
  6 cane toads
  A cane toad (shapeshifter) (D:14)
  2 unseen horrors
  A spark wasp simulacrum (Depths:3)
  A kobold demonologist (Depths:3)
  3 freezing wraiths
  10 komodo dragons
  An ice devil (Depths:2)
  An efreet (D:15)
  2 tormentors
  29 yaktaurs
  A tengu conjurer (Depths:2)
  6 trolls
  A troll (shapeshifter) (Elf:1)
  25 merfolk
  4 hellwings
  2 red devils (WizLab)
  6 hornets
  A raiju (shapeshifter) (Elf:1)
  10 polar bears
  5 wind drakes
  18 tarantellas
  4 glass eyes
  A glass eye (shapeshifter) (D:14)
  12 dream sheep
  A raiju (Lair:5)
  8 snapping turtles
  9 blink frogs
  56 slime creatures
  26 jumping spiders
  A snapping turtle (shapeshifter) (Depths:2)
  Sigmund (D:6)
  A culicivora (shapeshifter) (Elf:1)
  14 culicivoras
  4 wyverns
  2 wraiths
  A ynoxinul (Zot:5)
  A vampire (D:12)
  3 air elementals
  17 water elementals
  2 humans (D:7)
  54 yaks
  4 basilisks
  5 fire elementals
  A redback (shapeshifter) (Depths:2)
  3 steam dragons
  7 vampire mosquitoes (D:12)
  7 wargs
  A neqoxec (Zot:5)
  46 redbacks
  12 water moccasins
  An acid dragon (D:10)
  Duvessa (D:7)
  14 hell hounds
  55 orc warriors
  A meliai simulacrum (D:14)
  2 laughing skulls
  An ice beast (shapeshifter) (Elf:1)
  A hornet zombie (D:6)
  An ice beast (D:7)
  4 sky beasts
  15 black bears
  A sky beast (shapeshifter) (Elf:1)
  11 ogres
  39 wolves
  A phantom (D:5)
  6 centaurs
  Blork the orc (D:6)
  A kobold brigand (D:6)
  2 gnoll sergeants
  3 earth elementals
  7 bullfrogs
  3 scorpions
  A wight (D:8)
  A water moccasin zombie (D:6)
  A hornet simulacrum (D:14)
  Dowan (D:7)
  A burial acolyte (D:5)
  3 killer bees (D:8)
  4 howler monkeys
  6 electric eels
  A bullfrog zombie (D:6)
  A centaur zombie (D:6)
  A hound (D:4)
  2 bombardier beetles
  5 jellies
  27 orc priests
  2 gnoll boudas
  Ijyb (D:3)
  4 iguanas
  A sleepcap (D:5)
  15 orc wizards
  5 adders
  15 gnolls
  3 shadow imps
  5 white imps
  4 ufetubi
  2 adder zombies (D:5)
  A dart slug (D:1)
  89 orcs
  2 bats (D:2)
  7 endoplasms
  3 giant cockroaches
  17 goblins
  7 hobgoblins
  10 kobolds
  5 quokkas
  6 ball pythons
  3 frilled lizards
  A gnoll zombie (D:5)
  2 kobold zombies (D:5)
  4 rats
  A tentacle (Shoals:2)
1852 creatures vanquished.

Vanquished Creatures (collateral kills)
  A golden dragon (Depths:2)
  A Hellbinder (WizLab)
  Norris (Elf:3)
  A hellephant (WizLab)
  2 tentacled monstrosities
  4 Orb Guardians (Zot:5)
  3 acid blobs (Slime:5)
  A kraken (Shoals:2)
  2 sphinxes
  3 death cobs
  2 azure jellies (Slime:5)
  A draconian knight (Zot:3)
  A storm dragon (Zot:5)
  2 rockslimes (Slime:5)
  A shadow dragon (Vaults:5)
  2 emperor scorpions (Spider:4)
  A balrug (Depths:3)
  5 frost giants
  3 vault wardens
  A cacodemon (WizLab)
  2 orc warlords
  A ghost moth (Spider:1)
  A demonspawn blood saint (Zot:3)
  A broodmother (Spider:3)
  A formless jellyfish (Slime:1)
  A draconian annihilator (Zot:5)
  8 ironbound preservers
  A reaper (Zot:4)
  7 stone giants
  A spriggan defender (Depths:2)
  2 very ugly things (Depths:2)
  A red draconian (Volcano)
  2 deep elf annihilators (Elf:3)
  A black draconian (Zot:2)
  A green draconian (Zot:2)
  3 dire elephants
  2 purple draconians
  A white draconian (Zot:2)
  2 lorocyprocas (WizLab)
  2 spark wasps
  A blizzard demon (Zot:3)
  An ettin (Depths:4)
  An entropy weaver (Vaults:5)
  3 yaktaur captains
  Fannar (D:12)
  2 ice dragons
  A merfolk impaler (Shoals:4)
  7 vault guards
  An ogre mage (D:15)
  A spriggan air mage (Depths:1)
  2 hydras
  2 ironbound frosthearts (Vaults:1)
  3 centaur warriors
  3 jorogumos
  A hell beast (WizLab)
  A radroach (Spider:1)
  6 dancing weapons
  2 deep troll shamans
  2 boulder beetles
  A two-headed ogre (D:15)
  A deep troll earth mage (Depths:1)
  4 deep elf knights
  A demonic crawler (Spider:2)
  2 soul eaters
  2 orc high priests (Orc:2)
  A pharaoh ant (Spider:2)
  A skyshark (Elf:3)
  3 skeletal warriors
  3 iron trolls
  A glowing orange brain (Depths:4)
  2 deep elf archers (Elf:2)
  13 deep trolls
  A swamp dragon (shapeshifter) (Vaults:5)
  2 orb spiders (Spider:4)
  5 orc knights
  3 ironbound convokers
  2 lindwurms (Vaults:2)
  4 wolf spiders
  7 deep elf zephyrmancers
  6 deep elf pyromancers
  A manticore (Shoals:2)
  3 fauns
  A faun (shapeshifter) (Depths:2)
  4 ugly things
  2 moths of wrath
  An orc sorcerer (Orc:2)
  4 elephants
  A water nymph (Shoals:1)
  A vault sentinel (Vaults:3)
  A kobold blastminer (Orc:1)
  2 cane toads
  2 gargoyles
  A torpor snail (Spider:2)
  A rime drake (Lair:3)
  A yaktaur (D:15)
  2 merfolk
  2 polar bears
  A hellwing (D:15)
  A troll (Orc:2)
  A queen bee (shapeshifter) (Elf:1)
  3 tarantellas
  2 wind drakes (Shoals:1)
  2 glass eyes
  A hornet (D:8)
  A blink frog (Lair:5)
  A raiju (shapeshifter) (Vaults:5)
  3 jumping spiders
  13 slime creatures
  3 water elementals
  8 yaks
  3 culicivoras (Spider:1)
  A spriggan (Depths:4)
  2 wraiths
  Eustachio (D:8)
  A wyvern (Lair:1)
  A warg (Orc:2)
  11 redbacks
  A swamp worm (shapeshifter) (Vaults:5)
  2 vampire mosquitoes (D:12)
  An acid dragon (D:12)
  2 hell hounds (Lair:5)
  2 water moccasins
  A hornet zombie (D:6)
  10 orc warriors
  A black bear (Lair:5)
  An ice beast (D:15)
  An ogre (D:5)
  2 wolves
  2 centaurs
  A phantom (D:6)
  A kobold brigand (D:9)
  A bullfrog (Lair:2)
  A killer bee (D:8)
  An electric eel (Bailey)
  A centaur zombie (D:6)
  A hound (D:5)
  An orc priest (Orc:2)
  A sleepcap (D:7)
  A jelly (Lair:5)
  An iguana (D:7)
  4 orc wizards
  A killer bee zombie (D:6)
  A hound zombie (D:5)
  4 gnolls
  An ufetubus (D:6)
  21 orcs
  2 endoplasms
  A goblin (Bailey)
  A hobgoblin (Bailey)
  A kobold (D:6)
  A kobold zombie (D:5)
  4 foxfires
  A tentacle (Shoals:2)
355 creatures vanquished.

Vanquished Creatures (others)
  A fire giant (Depths:2)
  A deep elf elementalist (Elf:3)
  2 yaktaur captains
  A deep elf knight (Elf:2)
  2 deep elf archers
  2 deep elf zephyrmancers
  An air elemental (Elf:2)
  47 knights
  612 foxfires
  4 tentacles (Shoals:2)
673 creatures vanquished.

Grand Total: 2880 creatures vanquished

Notes
Turn   | Place    | Note
-------+----------+-------------------------------------------
     0 | D:1      | HyperOdds the Draconian Fire Elementalist began the quest
                  | for the Orb.
     0 | D:1      | Reached XP level 1. HP: 14/14 MP: 3/3
   129 | D:1      | You fall into a shaft and drop 1 floor!
   375 | D:2      | Reached XP level 2. HP: 20/20 MP: 1/5
   458 | D:2      | Learned a level 2 spell: Scorch
   811 | D:1      | Reached XP level 3. HP: 26/26 MP: 0/6
   872 | D:1      | Learned a level 3 spell: Inner Flame
  2218 | D:3      | Found a white marble altar of Elyvilon.
  2228 | D:3      | Reached XP level 4. HP: 33/33 MP: 1/7
  2527 | D:3      | Noticed Ijyb
  2532 | D:3      | Paralysed by Ijyb for 4 turns
  2540 | D:3      | Killed Ijyb
  2541 | D:3      | Reached skill level 5 in Fire Magic
  2541 | D:3      | Reached XP level 5. HP: 29/38 MP: 4/9
  2673 | D:3      | Noticed a shadow
  2674 | D:3      | Found a shadowy altar of Dithmenos.
  2676 | D:3      | Found a hazy altar of Hepliaklqana.
  2681 | D:3      | Became a worshipper of Hepliaklqana the Forgotten
  3260 | D:3      | Reached * piety under Hepliaklqana
  3890 | D:4      | Found a glowing golden altar of the Shining One.
  3891 | D:4      | Found a burning altar of Makhleb.
  3893 | D:4      | Found an ornate altar of the Wu Jian Council.
  4137 | D:5      | Entered Level 5 of the Dungeon
  4137 | D:5      | Noticed an ogre
  4142 | D:5      | Killed an ogre
  4143 | D:5      | Reached XP level 6. HP: 40/40 MP: 2/11
  4255 | D:5      | Found an ancient bone altar of Kikubaaqudgha.
  4259 | D:5      | Reached skill level 1 in Hexes
  4457 | D:5      | Noticed a steam dragon
  4632 | D:5      | Your scales start taking on an icy white colour.
  4632 | D:5      | Reduced skill Fire Magic to level 5
  4632 | D:5      | Reached XP level 7. HP: 45/45 MP: 5/13
  4632 | D:5      | Gained mutation: Your flesh is cold resistant. (rC+) [White
                  | Draconian growth]
  5006 | D:5      | Killed a steam dragon
  5605 | D:6      | Reached skill level 5 in Spellcasting
  5605 | D:6      | Reached XP level 8. HP: 52/52 MP: 7/15
  5624 | D:6      | Learned a level 3 spell: Hailstorm
  5933 | D:6      | Noticed Sigmund
  5940 | D:6      | Killed Sigmund
  5941 | D:6      | Reached skill level 1 in Ice Magic
  6062 | D:6      | Reached skill level 1 in Fighting
  6166 | D:6      | Reached ** piety under Hepliaklqana
  6171 | D:6      | Remembered your ancestor Ka F'lods as a knight
  6581 | D:6      | Found a basalt altar of Yredelemnul.
  6662 | D:6      | Noticed Blork the orc
  6667 | D:6      | Killed Blork the orc
  6720 | D:6      | Learned a level 3 spell: Summon Ice Beast
  6878 | D:6      | Reached XP level 9. HP: 57/57 MP: 10/18
  6881 | D:6      | Reached skill level 1 in Summonings
  6968 | D:6      | Learned a level 2 spell: Ensorcelled Hibernation
  7143 | D:7      | Noticed Joseph
  7148 | D:7      | Killed Joseph
  7149 | D:7      | Reached skill level 5 in Ice Magic
  7166 | D:7      | Noticed Dowan
  7166 | D:7      | Noticed Duvessa
  7183 | D:7      | Killed Duvessa
  7183 | D:7      | Killed Dowan
  7289 | D:7      | Found a flagged portal.
  7316 | Bailey   | Entered a bailey
  7464 | Bailey   | Noticed an orc knight
  7471 | Bailey   | Killed an orc knight
  7490 | Bailey   | Reached XP level 10. HP: 69/69 MP: 5/22
  7516 | Bailey   | Noticed an orc knight
  7528 | Bailey   | Killed an orc knight
  7745 | Bailey   | Acquired the scarf "Hoqopp" {shadows, rC++ Will+}
  7794 | Bailey   | Noticed an orc sorcerer
  7800 | Bailey   | Killed an orc sorcerer
  8076 | Bailey   | Noticed an orc sorcerer
  8083 | Bailey   | Killed an orc sorcerer
  8146 | Bailey   | Found an iron altar of Okawaru.
  8756 | D:7      | Reached skill level 5 in Fighting
  8928 | D:7      | Found a staircase to the Ecumenical Temple.
  8960 | D:7      | Reached skill level 10 in Spellcasting
  9303 | D:8      | Found Xudd's Book Boutique.
  9340 | D:8      | Reached XP level 11. HP: 79/79 MP: 5/25
  9494 | D:8      | Noticed Maurice
  9505 | D:8      | Killed Maurice
  9802 | D:8      | Noticed Eustachio
  9807 | D:8      | Killed Eustachio
 10198 | D:8      | Found a shimmering blue altar of Sif Muna.
 10253 | D:9      | Reached *** piety under Hepliaklqana
 10297 | D:9      | Reached skill level 1 in Invocations
 10583 | D:9      | Noticed a walking earthen tome
 10585 | D:9      | Found Quroisim's Book Emporium.
 10587 | D:9      | Noticed a walking crystal tome
 10594 | D:9      | Bought the Unrestrained Analects for 440 gold pieces
 10602 | D:9      | Learned a level 7 spell: Ozocubu's Refrigeration
 11155 | D:10     | Entered Level 10 of the Dungeon
 11155 | D:10     | Noticed a two-headed ogre
 11161 | D:10     | Killed a two-headed ogre
 11172 | D:10     | Noticed Urug
 11611 | D:10     | Killed Urug
 11714 | D:10     | Reached skill level 5 in Invocations
 11946 | D:10     | Noticed Sonja
 11951 | D:10     | Killed Sonja
 12292 | D:10     | Reached skill level 10 in Ice Magic
 12292 | D:10     | Reached XP level 12. HP: 90/90 MP: 20/27
 12429 | D:10     | Found a staircase to the Lair.
 12763 | D:10     | Found a staircase to the Orcish Mines.
 12832 | D:10     | Found a blossoming altar of Fedhas.
 12895 | Lair:1   | Entered Level 1 of the Lair of Beasts
 13867 | Lair:1   | Reached **** piety under Hepliaklqana
 14492 | Lair:2   | Found a staircase to the Shoals.
 15244 | Lair:2   | Noticed a boulder beetle
 15256 | Lair:2   | Killed a boulder beetle
 15689 | Lair:3   | Found a hole to the Spider Nest.
 15906 | Lair:3   | Reached XP level 13. HP: 101/101 MP: 11/28
 15927 | Lair:3   | Learned a level 4 spell: Flame Wave
 16180 | Lair:3   | Reached skill level 10 in Fighting
 16612 | Lair:3   | Found a white marble altar of Elyvilon.
 17627 | Lair:3   | Reached skill level 15 in Ice Magic
 18080 | Lair:4   | Reached ***** piety under Hepliaklqana
 18782 | Lair:5   | Entered Level 5 of the Lair of Beasts
 19133 | Lair:5   | Found a dark tunnel.
 19236 | Volcano  | Entered a volcano
 19604 | Volcano  | Noticed a red draconian
 19629 | Volcano  | Killed a red draconian
 19630 | Volcano  | Reached skill level 1 in Evocations
 19756 | Volcano  | Found a burning altar of Makhleb.
 20266 | Lair:5   | Reached XP level 14. HP: 117/117 MP: 13/29
 21838 | Lair:5   | Found a staircase to the Slime Pits.
 21839 | Lair:5   | Found a viscous altar of Jiyva.
 23753 | Lair:5   | Identified the maw talisman of the Tick {rCorr}
 24511 | Orc:1    | Entered Level 1 of the Orcish Mines
 25575 | Orc:1    | Found a radiant altar of Vehumet.
 25712 | Orc:2    | Entered Level 2 of the Orcish Mines
 25918 | Orc:2    | Reached skill level 5 in Evocations
 26306 | Orc:2    | Noticed Azrael
 26309 | Orc:2    | Killed Azrael
 28146 | Orc:2    | Noticed an orc warlord
 28611 | Orc:2    | Reached skill level 15 in Fighting
 28661 | Orc:2    | Identified the +1 battleaxe of the Skies Above {holy,
                  | ^Contam rC++}
 29052 | Orc:2    | Found a staircase to the Elven Halls.
 29704 | Orc:2    | Killed an orc warlord
 30100 | Orc:2    | Reached XP level 15. HP: 126/126 MP: 0/30
 30614 | Orc:2    | Found Iprosh's Antique Weapon Emporium.
 30929 | Orc:2    | Found Mogid's Armour Shoppe.
 31750 | Orc:2    | Found Ynigin's Weapon Emporium.
 32061 | Orc:2    | Found Vesail's Armour Shop.
 32179 | Orc:2    | Bought a warped scimitar for 198 gold pieces
 32179 | Orc:2    | Identified the +6 scimitar "Dubac" {freeze, rC- rN+ Str-5
                  | Int+8} (You bought it in a shop on level 2 of the Orcish
                  | Mines)
 32179 | Orc:2    | Bought an iridescent dagger for 154 gold pieces
 32179 | Orc:2    | Identified the +9 dagger of Powerful Gallantry {elec, Str+2
                  | Stlth+} (You bought it in a shop on level 2 of the Orcish
                  | Mines)
 32507 | D:11     | Reached skill level 1 in Shields
 32887 | D:11     | Identified the quicksilver dragon scales of Noica {Will+
                  | Str-2 Int+6}
 33209 | D:11     | Found Pofiew's Distillery.
 33213 | D:11     | Bought a potion of haste for 150 gold pieces
 33213 | D:11     | Bought a potion of magic for 120 gold pieces
 33213 | D:11     | Bought a potion of haste for 150 gold pieces
 33213 | D:11     | Bought a potion of brilliance for 60 gold pieces
 33213 | D:11     | Bought a potion of brilliance for 60 gold pieces
 33213 | D:11     | Bought a potion of cancellation for 120 gold pieces
 33832 | D:12     | Found Etoati's Armour Emporium.
 33906 | D:12     | Found Vagh's Weapon Shoppe.
 33913 | D:12     | Acquired 1110 gold pieces
 33915 | D:12     | Bought the +8 longbow "Zephyr" {speed, Dex+3 SInv} for 1155
                  | gold pieces
 33915 | D:12     | Found the +8 longbow "Zephyr" {speed, Dex+3 SInv}
 33968 | D:12     | Found Vaciot's Specific Store.
 33970 | D:12     | Found Ucriw's General Store.
 33990 | D:12     | Found Aciumich's Jewellery Shoppe.
 34021 | D:12     | Noticed Fannar
 34031 | D:12     | Killed Fannar
 34032 | D:12     | Reached skill level 1 in Ranged Weapons
 34392 | D:12     | Gained mutation: You are strong-willed. (Will+) [potion of
                  | mutation]
 34392 | D:12     | Gained mutation: Your muscles are strong. (Str +4, Int/Dex
                  | -1) [potion of mutation]
 34392 | D:12     | Gained mutation: You possess an exceptional clarity of
                  | mind. [potion of mutation]
 34490 | D:12     | Found Jorrinem's Antique Weapon Shop.
 34493 | D:12     | Found Zigaukuzxe's Assorted Antiques.
 34518 | D:12     | Bought a scroll of blinking for 165 gold pieces
 35790 | D:13     | Found an ornate altar of the Wu Jian Council.
 35978 | D:13     | Identified the +1 dagger "Jilisk" {flame, rC+}
 36706 | D:14     | Reached skill level 5 in Ranged Weapons
 36747 | D:14     | Found a broken altar of Ashenzari.
 37094 | D:14     | Found a gate to the Vaults.
 37770 | D:15     | Entered Level 15 of the Dungeon
 38103 | D:15     | Reached XP level 16. HP: 77/135 MP: 3/31
 38330 | D:15     | Found a bloodstained altar of Trog.
 38353 | D:15     | Identified the +7 rapier "Beastbane" {pain, *Slow Will-
                  | Int+7 SInv}
 39281 | D:15     | Found a staircase to the Depths.
 39441 | D:15     | Upgraded the game from 0.32-a0-160-g465344b4ef to
                  | 0.32-a0-171-g4625e66871
 39615 | Orc:2    | Bought a +0 cloak of poison resistance for 136 gold pieces
 39793 | Spider:1 | Entered Level 1 of the Spider Nest
 41434 | Spider:1 | Acquired a staff of cold
 43518 | Spider:3 | Reached skill level 10 in Ranged Weapons
 43643 | Spider:3 | Reached XP level 17. HP: 144/144 MP: 32/32
 45040 | Spider:4 | Entered Level 4 of the Spider Nest
 45332 | D:12     | Bought a +6 ring of dexterity for 540 gold pieces
 47471 | Spider:4 | Got a gossamer rune of Zot
 47698 | Shoals:1 | Entered Level 1 of the Shoals
 47826 | Shoals:1 | Found Kusun's CLEARANCE SALE!.
 48188 | Shoals:1 | Bought a phantom mirror for 160 gold pieces
 49085 | Shoals:1 | Reached skill level 5 in Dodging
 49215 | Shoals:1 | Noticed Mlioglotl
 49274 | Shoals:1 | Killed Mlioglotl
 49679 | Shoals:2 | Reached XP level 18. HP: 144/154 MP: 18/33
 50757 | Shoals:3 | Reached skill level 5 in Stealth
 51228 | Shoals:3 | Identified the +5 hand axe "Demon's Doom" {freeze, rF+
                  | Will+}
 51831 | Shoals:4 | Entered Level 4 of the Shoals
 53313 | Shoals:4 | Upgraded the game from 0.32-a0-171-g4625e66871 to
                  | 0.32-a0-290-g598725c5f2
 55048 | Shoals:4 | Reached ****** piety under Hepliaklqana
 55307 | Shoals:4 | Identified the +1 plate armour of Curiosity {Rampage Dex+3}
 55916 | Shoals:4 | Got a barnacled rune of Zot
 56243 | Elf:1    | Entered Level 1 of the Elven Halls
 56243 | Elf:1    | Noticed Nikola
 56254 | Elf:1    | Killed Nikola
 56487 | Elf:1    | Noticed Agnes
 56497 | Orc:2    | Killed Agnes
 57100 | Elf:1    | Reached XP level 19. HP: 162/162 MP: 7/34
 57779 | Elf:1    | Found a shimmering altar of Xom.
 58287 | Elf:1    | Learned a level 3 spell: Ozocubu's Armour
 58322 | Elf:1    | Got the Quarto of Assaults
 58854 | Elf:2    | Paralysed by an air elemental for 1 turns
 58977 | Elf:2    | Paralysed by an air elemental for 1 turns
 59245 | Elf:2    | Found a runed translucent gate.
 59247 | Elf:2    | Found a runed translucent gate.
 59248 | Elf:2    | Found a runed translucent gate.
 59355 | Elf:2    | Paralysed by an air elemental for 1 turns
 59373 | Elf:2    | Identified the ring "Gieruy" {Fire rN++ Will+ Dex+4}
 59777 | Elf:2    | Got the Precepts of Gloom and the Map
 60049 | Elf:3    | Entered Level 3 of the Elven Halls
 60049 | Elf:3    | Identified the granite talisman "Niti Yfe" {rN+ Str+2
                  | Int+3}
 60049 | Elf:3    | Noticed Roxanne
 60129 | Elf:3    | Reached skill level 10 in Invocations
 60230 | Elf:3    | Noticed Norris
 60237 | Elf:3    | Killed Norris
 60822 | Elf:3    | Noticed Mara
 60830 | Elf:3    | Killed Mara
 61758 | Elf:3    | Killed Roxanne
 62719 | Elf:3    | Identified the amulet of Qiofiy {Spirit Int+5}
 62727 | Elf:3    | Identified the ring of Nemelex Xobeh, Kissing {Fire ^Drain
                  | rPois rN+++ Int-3}
 62740 | Elf:3    | Identified the +7 glaive "Idwer" {vamp, rC+ rCorr Str+3}
 62740 | Elf:3    | Identified the +2 leather armour "Idoly" {rC+ SInv}
 62745 | Elf:3    | Identified the +6 glaive "Jellybane" {freeze, rC- rCorr
                  | Str-2 Dex+9}
 62978 | Elf:3    | Reached XP level 20. HP: 162/171 MP: 35/35
 63541 | Elf:3    | Got the Elucidation of Lifeless Bombardment
 63550 | Elf:3    | Identified the +0 plate armour of the Learner {rC- rCorr
                  | Str+3 Stlth+}
 63885 | Vaults:1 | Entered Level 1 of the Vaults
 65388 | Vaults:1 | Reached skill level 15 in Ranged Weapons
 65498 | Vaults:1 | Reached skill level 10 in Evocations
 66035 | Vaults:2 | Found Fuxkesoh's Magic Scroll Emporium.
 66041 | Vaults:2 | Bought a scroll of acquirement for 1196 gold pieces
 66041 | Vaults:2 | Acquired the +1 pair of boots of Fedhas's Grace {rPois
                  | Int+5}
 66122 | Vaults:2 | You fall into a shaft and drop 2 floors!
 66281 | Vaults:4 | Found a magical portal.
 66339 | WizLab   | Entered The Hall of the Hellbinder
 66766 | WizLab   | Identified the ring "Regoadim" {rC+ Str+6 Int+2}
 67199 | WizLab   | Found a burning altar of Makhleb.
 67205 | WizLab   | Noticed Feegeis
 67396 | WizLab   | Killed Feegeis the Hellbinder
 67547 | WizLab   | Identified the staff of the Festooned God {rPois rN+ Int-5
                  | Dex-3 SInv Necro}
 68700 | Vaults:2 | Reached XP level 21. HP: 180/180 MP: 36/36
 69058 | Vaults:2 | Found Cooghir's Magic Scroll Shoppe.
 69066 | Vaults:2 | Bought a scroll of blinking for 112 gold pieces
 69066 | Vaults:2 | Bought a scroll of summoning for 142 gold pieces
 69066 | Vaults:2 | Bought a scroll of summoning for 142 gold pieces
 69213 | Vaults:2 | Found Ybotsul's Armour Shop.
 69601 | Vaults:2 | Noticed Margery
 69752 | Vaults:2 | Found Litil's Magic Scroll Boutique.
 69759 | Vaults:2 | Found Foumm's Magic Scroll Emporium.
 70026 | Vaults:2 | Killed Margery
 70455 | Vaults:3 | Reached skill level 10 in Stealth
 71205 | Vaults:3 | Reached skill level 10 in Dodging
 71360 | Vaults:3 | Found a staircase to the Crypt.
 72691 | Vaults:4 | Found Hycuc's Armour Shoppe.
 73483 | Depths:1 | Entered Level 1 of the Depths
 73574 | Depths:1 | Noticed the Enchantress
 74119 | Depths:1 | Killed the Enchantress
 74492 | Depths:1 | Found a gateway to Hell.
 74500 | Depths:1 | Reached XP level 22. HP: 184/189 MP: 3/37
 74717 | Depths:1 | Found a hide-covered altar of Uskayaw.
 74778 | Depths:1 | Found Puzyti Imay's Distillery.
 74855 | Depths:1 | Found a stormy altar of Qazlal.
 74870 | Depths:1 | Found a one-way gate to the infinite horrors of the Abyss.
 75138 | Depths:1 | Noticed Asterion
 75143 | Depths:1 | Killed Asterion
 76189 | Depths:2 | Found a one-way gate leading to the halls of Pandemonium.
 76666 | Depths:2 | Found Wamoag's Book Shop.
 76666 | Depths:2 | Found Qoopp's Jewellery Emporium.
 76667 | Depths:2 | Found Piwol's Jewellery Emporium.
 77087 | Depths:2 | Noticed a golden dragon
 77102 | Depths:2 | Killed a golden dragon
 77362 | Depths:2 | Upgraded the game from 0.32-a0-290-g598725c5f2 to
                  | 0.32-a0-314-g526f7d4993
 77841 | Depths:2 | Bought the ring of Futukk {Wiz Fly Dex+3 Slay+2} for 538
                  | gold pieces
 79037 | Depths:3 | Found an iron altar of Okawaru.
 79169 | Depths:2 | Lost mutation: You possess an exceptional clarity of mind.
                  | [potion of mutation]
 79169 | Depths:2 | Lost mutation: Your muscles are strong. (Str +4, Int/Dex
                  | -1) [potion of mutation]
 79169 | Depths:2 | Gained mutation: Your body sometimes deteriorates upon
                  | taking damage. [potion of mutation]
 79169 | Depths:2 | Gained mutation: Your large and strong wings let you fly.
                  | [potion of mutation]
 79170 | Depths:2 | Lost mutation: Your large and strong wings let you fly.
                  | [potion of mutation]
 79170 | Depths:2 | Lost mutation: You are strong-willed. (Will+) [potion of
                  | mutation]
 79170 | Depths:2 | Lost mutation: Your body sometimes deteriorates upon taking
                  | damage. [potion of mutation]
 79170 | Depths:2 | Gained mutation: You are somewhat resistant to further
                  | mutation. [potion of mutation]
 79171 | Depths:2 | Lost mutation: You are somewhat resistant to further
                  | mutation. [potion of mutation]
 79171 | Depths:2 | Gained mutation: Your muscles are strong. (Str +4, Int/Dex
                  | -1) [potion of mutation]
 79171 | Depths:2 | Gained mutation: You occasionally lose the ability to drink
                  | potions when taking damage. [potion of mutation]
 79171 | Depths:2 | Gained mutation: You have a pair of small horns on your
                  | head. [potion of mutation]
 79172 | Depths:2 | Lost mutation: You occasionally lose the ability to drink
                  | potions when taking damage. [potion of mutation]
 79172 | Depths:2 | Lost mutation: Your muscles are strong. (Str +4, Int/Dex
                  | -1) [potion of mutation]
 79172 | Depths:2 | Lost mutation: You have a pair of small horns on your head.
                  | [potion of mutation]
 79172 | Depths:2 | Gained mutation: You are resistant to electric shocks.
                  | (rElec) [potion of mutation]
 79172 | Depths:2 | Gained mutation: You have very sharp teeth. [potion of
                  | mutation]
 79186 | Depths:3 | Identified the +6 scimitar of Subterfuge {flame, ^Drain
                  | rCorr Stlth+}
 79409 | Depths:3 | Found a transporter.
 79413 | Depths:3 | Noticed Gaexku's ghost (veteran DrSh)
 79414 | Depths:3 | Noticed a caustic shrike
 79490 | Depths:3 | Found a transporter.
 79894 | Depths:3 | Found Benuch's Assorted Antiques.
 80069 | Depths:3 | Found an iron altar of Okawaru.
 80251 | Depths:3 | Identified the +2 orcbow of Doacs {flame, rF+}
 80341 | Depths:3 | Identified the +1 dagger "Mufiuska" {antimagic, rF+ rC+}
 80572 | Depths:4 | Entered Level 4 of the Depths
 80630 | Depths:4 | Identified the +5 sling of the Charming Traitor {heavy, rF+
                  | rN+ rCorr}
 80947 | Depths:4 | Found a one-way gateway to a ziggurat.
 81346 | Depths:4 | Reached XP level 23. HP: 198/198 MP: 16/38
 82310 | Depths:4 | Found a gate to the Realm of Zot.
 82867 | Vaults:5 | Entered Level 5 of the Vaults
 82874 | Vaults:5 | Noticed a dread lich
 82972 | Vaults:5 | Identified the ring of Bitwaxe {rElec Str-4 Int+6 Slay+5
                  | Stlth+}
 83615 | Vaults:5 | Got a silver rune of Zot
 83868 | Vaults:5 | Identified the +2 great sword "Sudaibegg" {freeze, *Noise
                  | *Corrode Will++ Str+8}
 84194 | Vaults:5 | Identified the +6 flail of Dishonour {flame, rElec rN++
                  | Str+3 Dex-5}
 84330 | Vaults:5 | Identified the +1 robe "Ramudw Jyli" {rC+}
 84798 | Vaults:5 | Identified the staff "Opne" {rF+ rN+ Int+3 Summ Fire}
 84864 | Vaults:5 | Noticed Xtahua
 84882 | Vaults:5 | Killed Xtahua
 85071 | Vaults:5 | Noticed an ancient lich
 85084 | Vaults:5 | Killed an ancient lich
 85133 | Vaults:5 | Identified the +2 broad axe "Saiptab" {drain, Dex+3}
 85286 | Vaults:5 | Killed a dread lich
 85287 | Vaults:5 | Reached XP level 24. HP: 209/209 MP: 38/38
 85328 | Vaults:5 | Identified the +1 long sword of World's End {antimagic, rF-
                  | rC++ Will+++}
 86279 | D:12     | Bought the ring of Qishu {^Drain rF+++ rCorr Str-2 Int+6}
                  | for 1107 gold pieces
 86479 | Crypt:1  | Entered Level 1 of the Crypt
 86757 | Slime:1  | Entered Level 1 of the Pits of Slime
 87227 | Slime:5  | Entered Level 5 of the Pits of Slime
 87406 | Slime:5  | Noticed the Royal Jelly
 88121 | Slime:5  | Killed the Royal Jelly
 88655 | Slime:5  | Identified the granite talisman of the Solstice {rC+ Str+5
                  | Dex-2 Stlth+}
 88662 | Slime:5  | Identified the +3 buckler of Fokkatio {+Inv rF+}
 88664 | Slime:5  | Identified the +7 orcbow of Miufuk {elec, rPois rC- rCorr
                  | Int+4}
 88718 | Slime:5  | Got Sif Muna's Catalogue of Silt and Elsewhere
 88719 | Slime:5  | Identified the +7 short sword "Draconian's Regret" {flame,
                  | ^Drain rPois rN+++ Str-2}
 88720 | Slime:5  | Identified the +4 trident of Strategic Superiority
                  | {protect, Str+5 Dex-2}
 88865 | Slime:5  | Got a slimy rune of Zot
 89485 | Zot:1    | Entered Level 1 of the Realm of Zot
 90198 | Zot:4    | Identified the +9 sling of Piriher {antimagic, rPois rN+++
                  | Will- Int+3}
 90226 | Zot:4    | Got the Meditations on Baleful Excavation
 90232 | Zot:5    | Entered Level 5 of the Realm of Zot
 90549 | Vaults:2 | Bought a scroll of blinking for 165 gold pieces
 91974 | Zot:5    | Reached XP level 25. HP: 218/218 MP: 39/39
 92000 | Zot:5    | Noticed an orb of fire
 92008 | Zot:5    | Gained mutation: Your health recovers twice as slowly from
                  | being drained. [an orb of fire]
 92018 | Zot:5    | Killed an orb of fire
 92035 | Zot:5    | Noticed an ancient lich
 92048 | Zot:5    | Killed an ancient lich
 92049 | Zot:5    | Noticed a Killer Klown
 92049 | Zot:5    | Noticed an ancient lich
 92060 | Zot:5    | Killed a Killer Klown
 92080 | Zot:5    | Killed an ancient lich
 92087 | Zot:5    | Noticed a Killer Klown
 92097 | Zot:5    | Killed a Killer Klown
 92541 | Zot:5    | Got the Orb of Zot
 92549 | Zot:5    | Noticed Onamekon the pandemonium lord
 92549 | Zot:5    | Noticed an ancient lich
 92589 | Zot:5    | Noticed Xean the pandemonium lord
 93089 | D:$      | Escaped with the Orb!

Illustrated notes

Levels and vault maps discovered:
D:1:      eino_arrival_water_star, layout_basic
D:2:      layout_loops_corners
D:3:      layout_loops_ring, riverfiend_overflow_shadow_ancestor,
          mainiacjoe_overflow_24_doors, uniq_ijyb
D:4:      layout_loops_ring, minitemple, supply_closet_lemuel
D:5:      layout_rooms, regret_index_kikubaaqudgha_part_by_part,
          nicolae_grassy_gnolls
D:6:      layout_loops_corners, nicolae_yredelemnul_corpse_copse, uniq_sigmund,
          uniq_blork_the_orc
D:7:      layout_rooms, minmay_temple_entry_overgrown, enter_bailey_3,
          minivault_4, minmay_ruffians, uniq_duvessa, uniq_joseph
D:8:      layout_rooms, mainiacjoe_overflow_six_doors_small, serial_shops, shop,
          serial_library_regret_index_multi, sword_in_stone, uniq_maurice
D:9:      layout_loops_ring, serial_shops, nicolae_shop_mannequins
D:10:     layout_loops_ring, general_overflow_altar,
          due_lair_maze_entry_diamond, david_orc_4, uniq_sonja, uniq_urug
D:11:     minmay_tri_box, layout_loops_ring, serial_shops,
          nicolae_shop_back_alley_shop
D:12:     layout_roguey, serial_shops, shop, nicolae_shop_tiny_real_fake_doors,
          shop_fountains, nicolae_shop_tiny_waterfront, nicolae_shop_peninsula,
          nicolae_specific_store, eino_tiny_chamber, uniq_fannar
D:13:     layout_basic, nicolae_wu_jian_wuxing_cycle
D:14:     layout_roguey, david_vaults_2, nicolae_ashenzari_panopticon
D:15:     grunt_enter_depths_snipers, layout_basic, serial_ice, serial_ice_e,
          serial_ice_k, serial_ice_m, serial_ice_n, bloody_trog
Lair:1:   layout_cave_pods, infiniplex_staircase_pool_2, grunt_megastairs_3
Lair:2:   layout_hall_layers, elwin_shoals_entry_rocks,
          pdpol_lair_cavern_descent
Lair:3:   layout_long_grid, spider_nest_entry_webs, basic_altar,
          nicolae_lair_run_with_the_wolves
Lair:4:   layout_hall_layers
Lair:5:   hangedman_lair_caniforms_friends, layout_gridlike,
          nicolae_slime_entry_slimehenge, enter_volcano_2, st_stairs_9
Shoals:1: layout_shoals, nicolae_shoals_lost_giant_temple,
          nicolae_shop_clearance, uniq_mlioglotl
Shoals:2: layout_shoals
Shoals:3: layout_shoals
Shoals:4: shoals_end_grunt_garden, layout_shoals, nicolae_shoals_sun_and_surf
Spider:1: layout_chambers, hangedman_spider_tarantella_strand
Spider:2: layout_cave_pods
Spider:3: nicolae_spider_hilbert_zone_6 [nicolae_spider_hilbert_4_sides_1_open,
          nicolae_spider_hilbert_4_sides_1_open,
          nicolae_spider_hilbert_4_sides_1_open,
          nicolae_spider_hilbert_4_sides_1_open,
          nicolae_spider_hilbert_4_sides_1_open,
          nicolae_spider_hilbert_4_sides_1_open,
          nicolae_spider_hilbert_4_sides_1_open]
Spider:4: grunt_spider_rune_circles
Slime:1:  layout_caves
Slime:2:  layout_caves
Slime:3:  layout_caves, nicolae_slime_rock_hall_of_fame
Slime:4:  layout_caves, cheibrodos_slime_lost_civilization_4
Slime:5:  slime_pit_nicolae_inversion
Orc:1:    layout_caves, basic_altar
Orc:2:    pubby_orc_utopia, uniq_azrael
Elf:1:    eino_elf_arrival_shootout, layout_loops_cross, basic_altar,
          nicolae_elf_shapeshifter_party, hex_tiny, minmay_elf_sorcery,
          uniq_agnes, uniq_nikola
Elf:2:    elven_hall_of_blades_hangedman_original
          [nicolae_blade_entry_antechamber], layout_gridlike
Elf:3:    elf_hall, layout_loops_corners, hangedman_elven_crosses_minicolossus,
          uniq_mara, uniq_norris, uniq_roxanne
Vaults:1: nicolae_vaults_shelves_hall, vaults_room_glass_cross,
          vaults_room_semicircle, nicolae_vaults_spaceships,
          nicolae_vaults_apartment_1, v_alt_pattern_1, v_misc_19,
          nicolae_vaults_closet_pinwheel_3, grunt_vaults_funnel,
          nicolae_vaults_closet_pinwheel_2, nicolae_vaults_wrenched, v_misc_10,
          vaults_dpeg_emergency_exit, nicolae_vaults_rhombus_7,
          nicolae_vaults_little_squares_4, layout_vaults_big_cross
Vaults:2: nicolae_vaults_three_branches, v_alt_pattern_1, vaults_room_door_ring,
          ontoclasm_vaults_twist, hangedman_vaults_nails,
          hangedman_vaults_corner_blocks, nicolae_vaults_network_star, v_misc_5,
          hangedman_vaults_variations, vaults_room_door_hall,
          nicolae_vaults_house_2, vaults_room_octagon,
          nicolae_vaults_statue_guard, nicolae_vaults_tangram_1,
          layout_vaults_omnibox, serial_shops, shop, shop,
          nicolae_shop_rolling_square, shop, nicolae_shop_tiny_waterfront,
          uniq_margery
Vaults:3: dpeg_vaults_monster_row, v_misc_26, vaults_room_pool,
          vaults_dpeg_encased_lava, v_rooms_4, nicolae_vaults_tetromino_Z_1,
          minmay_crypt_entry_simple_statues, nicolae_vaults_closet_pinwheel_2,
          ontoclasm_vaults_idyll, nicolae_vaults_ring_of_whatevers,
          nicolae_vaults_trapezoid_1, nicolae_vaults_security_offices_5,
          nicolae_vaults_two_Ls, nicolae_vaults_apartment_1, layout_vaults_ring
Vaults:4: mu_enter_wizlab_6, v_alt_pattern_1,
          nicolae_vaults_trapezoid_lopsided_4, nicolae_vaults_little_squares_3,
          nicolae_vaults_murder_corner, nicolae_vaults_little_squares_1,
          nicolae_vaults_tetromino_T_2, nicolae_vaults_house_1,
          grunt_vaults_hallway_short, nicolae_vaults_apartment_2,
          vaults_room_stairs_pillars, nicolae_vaults_taking_the_gang_shopping,
          layout_vaults_chaotic_city
Vaults:5: uniq_xtahua
Crypt:1:  layout_chaotic_city, nicolae_crypt_smalloseum,
          grunt_crypt_arrival_split
Depths:1: layout_gridville, serial_shops, shop, abyss_entry, hellmouth_3,
          grunt_qazlal_clouds, drop_trap, minmay_hedge_maze,
          kennysheep_nondescript, grunt_decor_fettered,
          nicolae_uskayaw_murder_on_the_dancefloor, uniq_enchantress,
          uniq_asterion
Depths:2: minmay_three_patterns, layout_honeycomb, rand_demon_pan_entry_1,
          pf_hell_entry_tar_spiral, minmay_misc_feat_plants, minmay_shop_grove,
          infiniplex_staircase_zigzag_5
Depths:3: evilmike_iron_armoury, layout_gridlike, abyss_entry_crystal,
          serial_shops, shop, gammafunk_ghost_berserking_beasts,
          rand_demon_pan_entry_8, okawaru_gym_becter, hell_entry,
          nrook_kobold_shadow_demons
Depths:4: grunt_zot_entry_gee_three, layout_cave_shapes, enter_ziggurat_f,
          pf_coc_iceberg
Zot:1:    layout_basic
Zot:2:    nicolae_moth_party, layout_gridville
Zot:3:    layout_gridville
Zot:4:    layout_misc_corridors, regret_index_zotdec_banners
Zot:5:    layout_gridville, grunt_ministairs_12

Skill      XL: |  1  2  3  4  5  6  7  8  9 10 11 12 13 14 15 16 17 18 19 20 21 22 23 24 25 |
---------------+----------------------------------------------------------------------------+-----
Fire Magic     | 4 5 5 6 7 |  7.0
Conjurations   | 2 3 4 |  4.0
Spellcasting   | 3 4 5 6 8 10 11 12 | 12.8
Hexes          | 1 2 3 |  3.0
Ice Magic      | 4 5 7 10 14 15 17 19 20 21 22 23 | 23.5
Fighting       | 1 3 5 7 9 13 15 16 17 18 19 20 21 22 23 | 23.4
Summonings     | 2 4 |  4.0
Dodging        | 2 5 6 8 9 10 11 13 14 | 14.7
Invocations    | 5 6 7 9 10 | 10.0
Evocations     | 1 6 7 8 9 10 11 12 13 14 | 14.0
Shields        | 4 |  4.6
Ranged Weapons | 6 10 12 13 14 15 16 18 20 | 20.0
Stealth        | 4 6 8 9 10 11 12 13 | 13.4

Action                     |  1- 3 |  4- 6 |  7- 9 | 10-12 | 13-15 | 16-18 | 19-21 | 22-24 | 25-27 || total
---------------------------+-------+-------+-------+-------+-------+-------+-------+-------+-------++-------
  Melee: Long sword        |     3 |     7 |     9 |    19 |    45 |       |       |       |       ||    83
         Tailslap          |       |       |     1 |     4 |    13 |       |       |       |       ||    18
         Punch             |       |       |       |       |     2 |       |       |       |       ||     2
         Scimitar          |       |       |       |       |    32 |       |       |       |       ||    32
   Fire: Longbow           |       |       |       |       |   267 |   996 |  1252 |  1675 |   133 ||  4323
   Cast: Foxfire           |    46 |    42 |    61 |   156 |    52 |       |       |       |       ||   357
         Scorch            |    12 |    31 |    38 |   143 |    39 |       |       |       |       ||   263
         Inner Flame       |       |     1 |    30 |   111 |    53 |       |       |       |       ||   195
         Hailstorm         |       |       |       |    13 |       |       |       |       |       ||    13
         Summon Ice Beast  |       |       |       |     1 |     1 |       |       |       |       ||     2
         Ozocubu's Refrige |       |       |       |       |   357 |   342 |   323 |   243 |    27 ||  1292
         Flame Wave        |       |       |       |       |     2 |       |       |       |       ||     2
         Ozocubu's Armour  |       |       |       |       |       |       |     1 |     1 |       ||     2
 Invoke: Ancestor Identity |       |     1 |       |       |       |       |       |       |       ||     1
         Recall Ancestor   |       |       |     1 |     1 |     8 |     4 |     4 |     5 |     3 ||    26
         Ancestor Life: Kn |       |       |     1 |       |       |       |       |       |       ||     1
         Idealise          |       |       |       |       |     2 |     4 |     3 |     5 |     1 ||    15
         Transference      |       |       |       |       |     1 |     1 |     1 |     1 |       ||     4
Ability: Breathe Frost     |       |       |       |     1 |     1 |     1 |       |       |       ||     3
  Evoke: Wand              |       |       |       |       |    10 |     4 |     5 |     1 |       ||    20
         Phantom mirror    |       |       |       |       |       |     1 |     1 |       |       ||     2
         Phial of floods   |       |       |       |       |       |     1 |     1 |       |       ||     2
         Tin of tremorston |       |       |       |       |       |       |       |     2 |       ||     2
    Use: Scroll            |     7 |     5 |     3 |    14 |     9 |     6 |     3 |     8 |     3 ||    58
         Potion            |     1 |     1 |       |       |     2 |       |     2 |    13 |     5 ||    24
   Stab: Distracted        |       |       |       |       |     1 |       |       |       |       ||     1
 Armour: Skin              |     4 |    24 |    13 |    88 |   233 |   260 |   176 |   218 |    15 ||  1031
  Dodge: Dodged            |     5 |    13 |     8 |    50 |   139 |   110 |   141 |   206 |    21 ||   693
  Block: Kite shield       |       |       |       |       |     3 |       |       |       |       ||     3
         Other             |       |       |       |       |       |    31 |     6 |       |       ||    37
         Reflection        |       |       |       |       |       |     9 |     3 |       |       ||    12

Table legend: (Time is in decaauts)
 A = Elapsed time spent in this place.
 B = Non-inter-level travel time spent in this place.
 C = Inter-level travel time spent in this place.
 D = Time resting spent in this place.
 E = Time spent auto-exploring this place.
 F = Levels seen in this place.
 G = Mean time per level.
                   A        B        C        D        E       F      G
               +--------+--------+--------+--------+--------+-----+--------+
         Total |  91979 |  84971 |   7008 |  47118 |  27126 |  56 | 1642.5 |
       Dungeon |  20863 |  18712 |   2151 |   8205 |   8193 |  15 | 1390.9 |
          Lair |  11928 |  11211 |    717 |   6989 |   3007 |   5 | 2385.6 |
        Shoals |   8297 |   7917 |    380 |   5135 |   1942 |   4 | 2074.2 |
   Spider Nest |   7527 |   7151 |    376 |   4244 |   2014 |   4 | 1881.8 |
    Slime Pits |   2178 |   2092 |     86 |   1167 |    637 |   5 |  435.6 |
  Orcish Mines |   8407 |   7950 |    457 |   5903 |   1339 |   2 | 4203.5 |
   Elven Halls |   6598 |   6231 |    367 |   3624 |   1838 |   3 | 2199.3 |
        Vaults |  11501 |  10298 |   1203 |   4977 |   3700 |   5 | 2300.2 |
         Crypt |      1 |      0 |      1 |      0 |      0 |   1 |    1.0 |
        Depths |   9054 |   8249 |    805 |   3786 |   3541 |   4 | 2263.5 |
           Zot |   2601 |   2141 |    460 |   1250 |    400 |   5 |  520.2 |
        Bailey |   1214 |   1214 |      0 |    658 |    280 |   1 | 1214.0 |
       Volcano |    587 |    587 |      0 |    394 |     34 |   1 |  587.0 |
        Wizlab |   1216 |   1216 |      0 |    783 |    198 |   1 | 1216.0 |
               +--------+--------+--------+--------+--------+-----+--------+

Top non-repeatable levels by time:
   Orc:2: 6892 daAuts
  Lair:5: 4160 daAuts
Depths:2: 3096 daAuts
Shoals:3: 3030 daAuts
   Elf:3: 2936 daAuts
Vaults:5: 2673 daAuts
Vaults:1: 2579 daAuts
Spider:1: 2472 daAuts
Shoals:4: 2428 daAuts
  Lair:4: 2296 daAuts
Spider:3: 2274 daAuts
  Lair:3: 2201 daAuts
Vaults:4: 2181 daAuts
Depths:4: 2156 daAuts
Vaults:3: 2130 daAuts
